 Dungeon Crawl Stone Soup version 0.26-a0-291-g3d11bbfad5 (webtiles) character file.

Game seed: 10210144617876824981

57 BritishOli the Skirmisher (level 3, -4/29 HPs)
             Began as a Demonspawn Fighter on July 14, 2020.
             Killed from afar by an orc wizard (5 damage)
             ... with a puff of frost
             ... on level 2 of the Dungeon.
             The game lasted 00:01:02 (1867 turns).

BritishOli the Skirmisher (Demonspawn Fighter)      Turns: 1867, Time: 00:01:02

Health: -4/29      AC:  6    Str: 17    XL:     3   Next: 73%
Magic:  3/3        EV:  7    Int:  9    God:
Gold:   119        SH:  9    Dex: 12    Spells: 2/2 levels left

rFire    . . .     SeeInvis .   a - +0 long sword
rCold    + . .     Faith    .   c - +0 kite shield
rNeg     . . .     Spirit   .   b - +0 scale mail
rPois    .         Reflect  .   (no helmet)
rElec    .         Harm     .   (no cloak)
rCorr    .                      (no gloves)
MR       .....                  (no boots)
Stlth    ..........             (no amulet)
HPRegen  0.09/turn              (no ring)
MPRegen  0.08/turn              (no ring)

@: no status effects
A: cold resistance 1
a: no special abilities


You were on level 2 of the Dungeon.
You visited 1 branch of the dungeon, and saw 2 of its levels.

You collected 119 gold pieces.

Inventory:

Hand Weapons
 a - a +0 long sword (weapon)
Armour
 b - a +0 scale mail (worn)
 c - a +0 kite shield (worn)
Scrolls
 g - 3 scrolls of remove curse {unknown}
 l - a scroll of teleportation {unknown}
 m - a scroll of fog {unknown}
 o - a scroll of identify {unknown}
Potions
 d - a potion of might
 e - a potion of heal wounds {unknown}
 f - 2 potions of curing {unknown}
 h - a potion of ambrosia {unknown}
 i - a potion of haste {unknown}
 j - 2 potions of degeneration {unknown}
 k - a potion of flight {unknown}
 n - a potion of cancellation {unknown}


   Skills:
 + Level 3.5 Fighting
 + Level 2.4 Long Blades
 + Level 3.1 Armour
 + Level 3.1 Shields


You had 2 spell levels left.
You didn't know any spells.
Your spell library was empty.

Dungeon Overview and Level Annotations

Branches:
Dungeon (2/15)

Altars:
Hepliaklqana


Innate Abilities, Weirdness & Mutations

Your flesh is cold resistant. (rC+)


Message History

The magic dart hits you.
The orc wizard hits you with a cursed +0 trident.
You hit the orc wizard.
The orc wizard is moderately wounded.
The bat hits you but does no damage.
The orc wizard hits you but does no damage. x2
You closely miss the orc wizard.
The orc wizard is moderately wounded.
The bat hits you but does no damage.
The orc wizard looks satisfied for a moment.
You block the orc wizard's attack.
You hit the orc wizard.
The orc wizard is heavily wounded.
The orc wizard gestures at you while chanting.
The magic dart hits you!
* * * LOW HITPOINT WARNING * * *
You block the bat's attack.
The orc wizard points at you and mumbles some strange words.
The puff of frost hits you. You resist.
You die...

... #.# #....._... ... #.#
##.#....... ####.###.#
#..#....... .........#
#..##.....# ......)..#
#..####.### #.....(.#
#.......... .# #.. ####..(K#
#.#......†. ... #..## ####o#
#........#. ....#...# ###.b@#
###....<.#. ..#...# ##.....#
#......#. .....###......#
#......## #....##..###.#
#......## #....#(..#
#.########......##
.####††..#...##..#.............#
.................#.#############
######.###########.#
#.............#


You could see an orc wizard (fast), a bat and a kobold.

Vanquished Creatures
  An adder (D:2)
  A worm (D:2)
  3 dart slugs
  2 leopard geckos (D:2)
  A giant cockroach (D:1)
  5 goblins
  3 hobgoblins (D:1)
  3 jackals (D:1)
  A ball python (D:1)
  A bat (D:2)
  5 frilled lizards
  6 kobolds (D:1)
  6 rats
38 creatures vanquished.

Notes
Turn   | Place    | Note
-------+----------+-------------------------------------------
     0 | D:1      | BritishOli the Demonspawn Fighter began the quest for the
                  | Orb.
     0 | D:1      | Reached XP level 1. HP: 18/18 MP: 1/1
   121 | D:1      | Gained mutation: Your flesh is cold resistant. (rC+)
                  | [demonic ancestry]
   121 | D:1      | Reached XP level 2. HP: 5/24 MP: 2/2
  1423 | D:2      | Reached XP level 3. HP: 29/29 MP: 3/3
  1570 | D:2      | Found a hazy altar of Hepliaklqana.
  1867 | D:2      | HP: 1/29 [orc wizard/magic dart (10)]
  1867 | D:2      | Killed from afar by an orc wizard

Illustrated notes

Levels and vault maps discovered:
D:1:      dpeg_arrival_tiny_c, layout_basic, lemuel_old_faithful
D:2:      minmay_recursive_quarters, layout_basic, old_standard_altar

Skill      XL: |  1  2 |
---------------+-------+-----
Long Blades    | 2 |  2.4
Shields        | 3 |  3.1
Armour         | 3 |  3.1
Fighting       | |  3.5

Action                   || total
-------------------------++-------
Melee: Long sword        ||   147
Armor: Scale mail        ||    73
Dodge: Dodged            ||    43
Block: Kite shield       ||    80
       Rpst.: Long sword ||    11

Table legend:
 A = Non-vault XP
 B = Vault XP
 C = Vault XP percentage of total XP
 D = Non-vault monster count
 E = Vault monster count
 F = Vault count percentage of total count
                 A         B        C        D         E       F
            +---------+---------+-------+---------+---------+-------
      Total |      58 |      24 |  29.3 |      32 |       6 |  15.8
            +---------+---------+-------+---------+---------+-------
        D:1 |      40 |       0 |   0.0 |      25 |       0 |   0.0
        D:2 |      18 |      24 |  57.1 |       7 |       6 |  46.2
            +---------+---------+-------+---------+---------+-------
